 Dungeon Crawl Stone Soup version 0.28-a0-655-g4eb62b627b (webtiles) character file.

Game seed: 8509051600587411418

403 bande the Chopper (level 6, -16/39 HPs)
             Began as a Gargoyle Fighter on Oct 12, 2021.
             Demolished by an ogre (25 damage)
             ... on level 5 of the Dungeon.
             The game lasted 00:07:42 (5347 turns).

bande the Chopper (Gargoyle Fighter)                Turns: 5347, Time: 00:07:43

Health: -16/39     AC: 12    Str: 21    XL:     6   Next: 86%
Magic:  6/6        EV:  9    Int:  8    God:
Gold:   188        SH:  5    Dex: 10    Spells: 5/5 levels left

rFire   . . .      SeeInvis .   a - +0 war axe
rCold   + . .      Faith    .   c - +1 buckler
rNeg    + . .      Spirit   .   b - +0 scale mail
rPois   ∞          Reflect  .   g - +0 helmet
rElec   +          Harm     .   (no cloak)
rCorr   .          Rampage  .   (no gloves)
Will    .....                   (no boots)
Stlth   ..........              (no amulet)
HPRegen 0.13/turn               (no ring)
MPRegen 0.10/turn               (no ring)

@: no status effects
A: sickness immunity, AC +4, negative energy resistance 1, electricity
resistance, torment resistance 1, petrification resistance, cold resistance 1,
wild magic 1
a: no special abilities


You were on level 5 of the Dungeon.
You visited 1 branch of the dungeon, and saw 5 of its levels.

You collected 188 gold pieces.

Inventory:

Hand Weapons
 a - a +0 war axe (weapon)
 j - a +1 broad axe
 l - a +1 mace of protection
Armour
 b - a +0 scale mail (worn)
 c - a +1 buckler (worn)
 g - a +0 helmet (worn)
Scrolls
 i - 2 scrolls of enchant armour
 o - a scroll of noise {unknown}
Potions
 d - a potion of might
 e - a potion of mutation
 f - a potion of curing
 h - a potion of cancellation {unknown}
 k - a potion of brilliance {unknown}
 m - a potion of attraction {unknown}
 n - a potion of magic {unknown}


   Skills:
 + Level 4.4 Fighting
 + Level 4.7 Axes
 + Level 4.5 Armour
 + Level 4.3 Shields
 + Level 0.2 Unarmed Combat


You had 5 spell levels left.
You didn't know any spells.
Your spell library contained the following spells:

 Spells                   Type           Power      Damage    Failure   Level
 Sandblast                Erth           0%         2d4       82%         1
 Ensorcelled Hibernation  Hex/Ice        0%         N/A       90%         2
 Passwall                 Tmut/Erth      0%         N/A       90%         2
 Gell's Gravitas          Tloc           0%         N/A       99%         3
 Stone Arrow              Conj/Erth      0%         3d7       99%         3
 Swiftness                Air            0%         N/A       99%         3
 Teleport Other           Tloc           0%         N/A       99%         3
 Tukima's Dance           Hex            0%         N/A       99%         3
 Dispersal                Tloc           0%         N/A       100%        6
 Invisibility             Hex            0%         N/A       100%        6


Dungeon Overview and Level Annotations

Branches:
Dungeon (5/15)
 Temple: D:4-7

Altars:
Dithmenos
Uskayaw
Yredelemnul
Zin

Annotations:
D:4 1 runed translucent door


Innate Abilities, Weirdness & Mutations

You are immune to sickness and miasma.
Your stone body is resilient. (AC +4)
You are immune to poison.
You resist negative energy. (rN+)
You are resistant to electric shocks. (rElec)
You are resistant to unholy torment.
You are immune to petrification.
Your flesh is cold resistant. (rC+)
Your spells are a little harder to cast, but a little more powerful.


Message History

Done exploring.
Done exploring.
You see here 14 sling bullets.
There is a stone staircase leading down here.
You see here a +0 whip.
Press: ? - help, v - describe, . - travel
Here: a human (wandering, indifferent, fire blocked by a runed translucent door)
The floor.
You see here a +0 whip.
There is a stone staircase leading down here.
You climb downwards.
Found a robe.
There is a stone staircase leading up here.
o - a scroll labelled QANYXI UNILL
Found a ring of poison resistance.
Found a hide-covered altar of Uskayaw.
An ogre comes into view. It is wielding a +0 giant spiked club.
An ogre is nearby!
You see here a ring of poison resistance.
Your scale mail prevents you from hitting the ogre.
You block the ogre's attack.
You hit the ogre but do no damage. You block the ogre's attack.
You slash the ogre!
The ogre is moderately wounded.
You block the ogre's attack.
You slash the ogre!
The ogre is heavily wounded.
The ogre hits you with a +0 giant spiked club!
You barely miss the ogre.
The ogre is heavily wounded.
You block the ogre's attack.
You slash the ogre!
The ogre is almost dead.
The ogre hits you with a +0 giant spiked club!
* * * LOW HITPOINT WARNING * * *
You hit the ogre.
The ogre is almost dead.
The ogre hits you with a +0 giant spiked club!!
Ouch! That really hurt!
You die...

. ..# ################
....#..............#
...................#
.#....O@####^####..#
#.#....# ..... #..#
....#....#.......#..#
.....#....#.......#..#
..........^..._...#..#
..........#.......#..#
..........#.......#..#
..........# #.##
.........#########.#


You could see an ogre.

Vanquished Creatures
  A phantom (D:4)
  A hound (D:4)
  Terence (D:2)
  Natasha (thrice) (D:2)
  A hound skeleton (D:4)
  Robin (D:2)
  3 gnolls (D:3)
  3 adders
  An adder skeleton (D:4)
  2 worms (D:3)
  3 dart slugs
  6 orcs (D:4)
  9 endoplasms
  5 giant cockroaches
  12 goblins
  9 hobgoblins
  4 jackals (D:1)
  6 quokkas
  10 ball pythons
  7 bats
  11 frilled lizards (D:1)
  A goblin zombie (D:4)
  4 kobolds
  A kobold skeleton (D:4)
  3 rats
108 creatures vanquished.

Vanquished Creatures (others)
  2 demonic plants (D:2)
  2 plants (D:1)
4 creatures vanquished.

Grand Total: 112 creatures vanquished

Notes
Turn   | Place    | Note
-------+----------+-------------------------------------------
     0 | D:1      | bande the Gargoyle Fighter began the quest for the Orb.
     0 | D:1      | Reached XP level 1. HP: 14/14 MP: 1/1
    77 | D:1      | Reached XP level 2. HP: 5/19 MP: 2/2
  1051 | D:1      | Reached XP level 3. HP: 23/23 MP: 3/3
  1376 | D:2      | Gained mutation: Your spells are a little harder to cast,
                  | but a little more powerful. [potion of mutation]
  1376 | D:2      | Gained mutation: Your flesh is cold resistant. (rC+)
                  | [potion of mutation]
  1430 | D:2      | Noticed Terence
  1443 | D:2      | Killed Terence
  1444 | D:2      | Reached XP level 4. HP: 20/29 MP: 4/4
  2089 | D:2      | Found a faded altar of an unknown god.
  2089 | D:2      | Noticed a smoke demon
  2091 | D:2      | Noticed Natasha
  2095 | D:2      | Killed Natasha
  2231 | D:2      | Noticed Robin
  2243 | D:2      | Reached XP level 5. HP: 31/33 MP: 5/5
  2267 | D:2      | Killed Robin
  2385 | D:2      | Noticed Natasha
  2662 | D:2      | Killed Natasha
  2883 | D:2      | Noticed Natasha
  3065 | D:2      | Killed Natasha
  3538 | D:3      | Found a shadowy altar of Dithmenos.
  4083 | D:3      | Reached XP level 6. HP: 25/38 MP: 6/6
  4704 | D:4      | Found a glowing silver altar of Zin.
  5126 | D:4      | Found a runed translucent door.
  5126 | D:4      | Noticed a human
  5129 | D:4      | Found a basalt altar of Yredelemnul.
  5296 | D:5      | Entered Level 5 of the Dungeon
  5333 | D:5      | Found a hide-covered altar of Uskayaw.
  5347 | D:5      | Demolished by an ogre

Illustrated notes

Levels and vault maps discovered:
D:1:      dpeg_arrival_signposts, layout_loops_ring, chequers_arboretum,
          minmay_lizard_king
D:2:      layout_loops_corners, dreamdust_ecumenical_altar_sealed_demon,
          uniq_terence, uniq_robin, uniq_natasha
D:3:      layout_basic, nicolae_dithmenos_through_a_glass_darkly
D:4:      layout_loops_cross, mainiacjoe_overflow_brackets,
          dk_yredelemnul_ordeal
D:5:      layout_cave_pools, nemelex_diamond_rough_becter, lemuel_tele_altar,
          temple_statues, hellmonk_ghost_happy_afterlife, minmay_manual_moon

Skill      XL: |  1  2  3  4  5 |
---------------+----------------+-----
Axes           | 2 3 4 |  4.7
Shields        | 4 |  4.3
Fighting       | 4 |  4.4
Armour         | 4 |  4.5
Unarmed Combat | |  0.2

Action                   |  1- 3 |  4- 6 || total
-------------------------+-------+-------++-------
Melee: War axe           |   104 |   239 ||   343
       Unarmed           |       |    12 ||    12
  Use: Scroll            |     2 |     6 ||     8
       Potion            |     1 |       ||     1
Armor: Scale mail        |    61 |   142 ||   203
Dodge: Dodged            |    46 |   125 ||   171
Block: Buckler           |    19 |    76 ||    95

Table legend: (Time is in decaauts)
 A = Elapsed time spent in this place.
 B = Non-inter-level travel time spent in this place.
 C = Inter-level travel time spent in this place.
 D = Time resting spent in this place.
 E = Time spent auto-exploring this place.
 F = Levels seen in this place.
 G = Mean time per level.
                   A        B        C        D        E       F      G
               +--------+--------+--------+--------+--------+-----+--------+
         Total |   5483 |   5457 |     26 |    747 |   3643 |   5 | 1096.6 |
       Dungeon |   5483 |   5457 |     26 |    747 |   3643 |   5 | 1096.6 |
               +--------+--------+--------+--------+--------+-----+--------+

Top non-repeatable levels by time:
     D:1: 1721 daAuts
     D:2: 1648 daAuts
     D:3: 1087 daAuts
     D:4: 973 daAuts
     D:5: 52 daAuts
